Map: Deathaura LE

Players

Serral - Winner!

  • Race: Zerg Zerg
  • League: Master
  • Spawn Location: 5:00

Reynor

  • Race: Zerg Zerg
  • Spawn Location: 11:00

Event: DreamHack SC2 Masters 2020 Summer Europe

VOD

Have the link to the VOD?

Description

Time

  • Played on: July 12, 2020, 2:18 p.m.
  • Length: 13:15

All games in this series

Show
View Real Time Build Order
Export as new Build Order

Serral Zerg - Winner!

Build Orders: Hatch First, Lurkers, Zergling Baneling 

Get SALT Encoding   

  12  0:00  Drone  
  13  0:12  Overlord  
  13  0:16  Drone  
  14  0:31  Drone x2  
  16  0:47  Hatchery  
  15  0:51  Drone  
  15  0:54  Drone  
  17  0:57  Drone  
  18  1:09  Extractor  
  17  1:12  Spawning Pool  
  17  1:16  Drone  
  17  1:19  Drone  
  18  1:28  Drone  
  19  1:39  Drone  
  20  1:50  Drone  
  21  1:59  Queen x2  
  21  2:00  Overlord  
  25  2:01  Zergling x2  
  26  2:09  Metabolic Boost  
  26  2:11  Drone x2  
  28  2:21  Drone x2  
  30  2:33  Hatchery  
  30  2:35  Drone  
  30  2:37  Drone  
  31  2:45  Drone  
  31  2:48  Baneling Nest  
  31  2:50  Overlord  
  31  2:54  Drone, Zergling x2  
  33  3:05  Drone, Zergling x2  
  34  3:08  Drone  
  34  3:10  Drone x4  
  40  3:14  Overlord  
  40  3:19  Zergling x4  
  42  3:24  Evolution Chamber  
  41  3:34  Baneling, Roach Warren, Drone x2, Extractor  
  41  3:39  Drone x2  
  41  3:40  Drone  
  44  3:43  Drone  
  44  3:46  Drone  
  46  3:48  Overlord  
  46  3:51  Drone  
  46  3:52  Overlord  
  47  3:58  Drone  
  47  4:02  Overlord  
  48  4:17  Roach x5  
  58  4:24  Roach x4  
  58  4:29  Roach x2  
  58  4:30  Roach  
  71  4:36  Overlord  
  71  4:37  Zergling x6  
  74  4:41  Zergling x2  
  75  4:46  Zergling x6  
  75  4:51  Overlord  
  78  4:53  Zergling x8  
  78  4:59  Baneling x7  
  82  5:02  Zergling x2  
  82  5:03  Zergling x4  
  85  5:08  Zergling x2  
  85  5:12  Baneling x2  
  85  5:14  Overlord, Queen  
  87  5:21  Zergling x2  
  87  5:22  Zergling x8  
  87  5:25  Zergling x4  
  92  5:37  Zergling x12  
  92  5:42  Zergling x2  
  93  5:46  Zerg Missile Weapons Level 1  
  84  5:50  Zergling x4  
  84  5:55  Lair  
  75  5:57  Zergling x4  
  75  6:03  Zergling x2  
  75  6:04  Zergling x2  
  72  6:11  Drone x2  
  69  6:18  Drone x7  
  74  6:23  Drone  
  75  6:25  Extractor  
  75  6:27  Overlord, Extractor  
  75  6:32  Roach x3  
  76  6:34  Drone  
  76  6:35  Drone x2  
  77  6:43  Drone x2, Extractor  
  77  6:44  Drone  
  77  6:45  Drone x2  
  77  6:46  Drone x2  
  82  6:49  Drone x2  
  83  6:56  Overlord  
  83  7:00  Spire  
  81  7:01  Glial Reconstitution  
  81  7:03  Drone x3  
  81  7:06  Overseer  
  81  7:07  Drone x2  
  86  7:10  Roach x2, Extractor  
  89  7:16  Roach x6  
  101  7:32  Overlord  
  101  7:35  Drone x2  
  101  7:36  Overlord  
  103  7:38  Overlord  
  103  7:40  Roach x3  
  103  7:41  Zerg Missile Weapons Level 2  
  108  7:46  Drone  
  108  7:48  Overlord  
  109  7:52  Roach x3  
  109  7:53  Drone  
  109  7:54  Drone  
  109  7:55  Drone x2  
  117  8:06  Overlord  
  117  8:12  Mutalisk x2  
  117  8:13  Mutalisk x3  
  117  8:14  Mutalisk  
  117  8:19  Hatchery  
  128  8:22  Roach x4  
  136  8:28  Roach x4  
  144  8:36  Hydralisk Den  
  144  8:37  Overlord  
  144  8:40  Overlord  
  143  8:48  Infestation Pit  
  141  8:52  Drone x3  
  141  8:54  Drone x4  
  148  9:01  Drone x2  
  150  9:03  Drone x3  
  153  9:10  Extractor  
  153  9:12  Grooved Spines, Extractor  
  153  9:14  Lurker Den  
  153  9:15  Hydralisk x5  
  158  9:19  Baneling x2  
  158  9:24  Overlord  
  158  9:27  Hydralisk x2  
  161  9:32  Queen  
  161  9:35  Hive  
  162  9:42  Drone x2  
  162  9:45  Spine Crawler  
  160  9:46  Spine Crawler  
  160  9:49  Overlord  
  160  9:50  Drone  
  159  9:57  Drone  
  160  10:01  Spine Crawler x2  
  160  10:03  Overlord  
  158  10:10  Hydralisk x2  
  158  10:12  Lurker x7  
  169  10:16  Spore Crawler  
  169  10:19  Hatchery, Overlord  
  167  10:22  Zerg Ground Armor Level 1  
  167  10:24  Muscular Augments  
  167  10:25  Drone x2  
  167  10:27  Drone x2  
  171  10:30  Burrow  
  171  10:31  Overseer  
  171  10:36  Overlord  
  171  10:39  Roach x3, Lurker x2  
  179  10:48  Hatchery  
  179  10:49  Seismic Spines  
  180  10:50  Roach x4  
  180  10:56  Roach x5  
  196  11:11  Roach x4  
  168  11:30  Hydralisk x9  
  180  11:38  Drone x2  
  172  11:41  Hydralisk x6  
  172  11:46  Adaptive Talons  
  176  11:50  Pneumatized Carapace  
  176  11:51  Overlord  
  176  11:52  Hatchery  
  175  11:58  Hydralisk, Drone x2  
  175  11:59  Hydralisk x4  
  179  12:17  Roach x13  
  176  12:26  Roach  
  176  12:27  Roach x2  
  156  12:33  Roach x4  
  163  12:42  Roach x3  
  151  12:48  Roach x8  
  143  13:10  Lurker  
  143  13:11  Lurker x3  
Show
View Real Time Build Order
Export as new Build Order

Reynor Zerg 

Build Orders: Hatch First 

Get SALT Encoding   

  12  0:00  Drone  
  13  0:12  Overlord  
  13  0:16  Drone  
  14  0:30  Drone x2  
  16  0:47  Hatchery  
  15  0:50  Drone  
  15  0:54  Drone  
  15  0:57  Drone  
  18  1:08  Extractor  
  17  1:12  Spawning Pool  
  17  1:15  Drone  
  18  1:18  Drone  
  18  1:27  Drone  
  19  1:38  Drone  
  20  1:48  Drone  
  21  1:59  Drone  
  21  2:00  Queen x2  
  26  2:01  Overlord  
  26  2:08  Metabolic Boost  
  26  2:10  Drone x2  
  28  2:20  Drone  
  28  2:21  Zergling x2  
  30  2:31  Hatchery  
  30  2:33  Drone  
  30  2:35  Drone  
  31  2:41  Drone  
  31  2:43  Drone  
  33  2:53  Overlord  
  33  2:54  Drone  
  33  2:57  Baneling Nest  
  33  3:03  Drone  
  33  3:04  Drone  
  35  3:10  Drone  
  35  3:12  Zergling x4  
  38  3:13  Drone x3  
  38  3:18  Evolution Chamber  
  38  3:19  Queen  
  42  3:21  Overlord  
  42  3:25  Zergling x2  
  43  3:31  Drone  
  44  3:39  Overlord  
  44  3:41  Drone x3  
  47  3:42  Drone x2  
  47  3:44  Zerg Missile Weapons Level 1  
  47  3:48  Zergling x4  
  50  3:49  Drone x2  
  50  3:52  Drone  
  50  3:54  Drone  
  54  4:00  Drone  
  55  4:03  Drone  
  55  4:05  Zergling x2  
  55  4:08  Overlord  
  57  4:13  Drone x3  
  60  4:18  Roach Warren, Extractor  
  60  4:20  Drone x2, Extractor  
  60  4:21  Drone  
  60  4:27  Drone x2, Overlord  
  60  4:29  Drone x2  
  64  4:35  Drone, Extractor  
  64  4:37  Drone  
  65  4:39  Overlord  
  65  4:42  Zergling x2  
  65  4:43  Baneling  
  65  4:45  Drone x3  
  68  4:46  Drone x3  
  68  4:50  Drone x2  
  73  4:54  Overlord  
  73  5:00  Roach  
  73  5:02  Roach x2, Spine Crawler  
  73  5:03  Spine Crawler  
  73  5:04  Roach x2  
  73  5:05  Baneling x3  
  80  5:08  Roach, Spine Crawler  
  80  5:11  Baneling, Roach x2  
  80  5:13  Baneling x2  
  85  5:15  Roach, Zergling x2  
  85  5:19  Roach x2  
  91  5:23  Roach, Zergling x4  
  91  5:28  Roach, Zergling x2  
  94  5:29  Roach  
  94  5:34  Roach  
  89  5:38  Roach x2  
  81  5:44  Roach  
  81  5:49  Roach x2  
  75  5:51  Queen  
  75  5:55  Roach  
  72  6:00  Roach x2  
  69  6:04  Lair  
  69  6:06  Drone  
  69  6:10  Drone x2  
  67  6:17  Drone  
  68  6:20  Drone x2  
  70  6:26  Queen  
  70  6:27  Zerg Ground Armor Level 1  
  70  6:28  Drone  
  70  6:31  Drone x2  
  75  6:38  Drone  
  76  6:42  Drone x2  
  78  6:49  Drone  
  78  6:54  Drone x2  
  81  6:59  Drone  
  81  7:00  Evolution Chamber, Drone x3  
  83  7:01  Overseer  
  83  7:03  Glial Reconstitution  
  83  7:06  Drone x2  
  83  7:08  Pneumatized Carapace  
  85  7:10  Drone  
  85  7:12  Extractor  
  85  7:13  Extractor  
  85  7:14  Drone  
  85  7:16  Drone  
  85  7:17  Drone, Overlord  
  85  7:18  Drone  
  85  7:22  Drone  
  89  7:26  Zerg Missile Weapons Level 2  
  89  7:27  Roach x2  
  93  7:32  Drone  
  93  7:35  Drone x4  
  93  7:36  Drone x2  
  100  7:39  Roach  
  100  7:43  Roach  
  100  7:44  Overlord  
  104  7:45  Roach  
  106  7:52  Overseer  
  106  8:04  Drone x2  
  108  8:05  Hatchery  
  108  8:06  Hydralisk Den  
  108  8:07  Drone  
  108  8:10  Overlord  
  107  8:13  Queen  
  107  8:14  Queen x2  
  113  8:20  Drone, Spore Crawler x3  
  113  8:25  Roach  
  113  8:27  Overlord  
  113  8:28  Overlord  
  113  8:29  Ravager, Spore Crawler  
  113  8:30  Ravager x2  
  113  8:31  Roach  
  113  8:32  Roach  
  119  8:37  Roach  
  119  8:41  Roach  
  121  8:46  Roach, Overlord  
  121  8:48  Hydralisk, Muscular Augments  
  123  8:51  Zerg Ground Armor Level 2  
  125  8:58  Overlord  
  125  9:04  Overlord  
  125  9:07  Overlord  
  125  9:08  Overlord  
  125  9:15  Overlord  
  125  9:17  Hydralisk x5  
  125  9:23  Hydralisk x2  
  125  9:24  Hydralisk  
  135  9:26  Roach x2  
  135  9:30  Roach  
  135  9:31  Roach  
  149  9:35  Roach x3  
  153  9:41  Overlord  
  153  9:43  Overlord x2  
  153  9:57  Overlord  
  153  10:00  Hydralisk x3  
  153  10:01  Hydralisk  
  153  10:02  Roach  
  153  10:06  Grooved Spines  
  165  10:07  Roach  
  165  10:08  Roach  
  165  10:10  Roach  
  165  10:12  Overseer  
  169  10:15  Roach x2  
  169  10:16  Roach  
  169  10:17  Roach  
  177  10:24  Roach x3  
  177  10:25  Overlord  
  177  10:28  Overlord  
  183  10:41  Overlord  
  183  10:45  Roach x2  
  183  10:46  Roach x2  
  196  10:50  Roach x5  
  196  10:53  Overlord  
  198  11:14  Roach x3  
  198  11:22  Drone x2  
  198  11:25  Ravager x5  
  191  11:26  Extractor  
  186  11:33  Roach  
  186  11:34  Roach x6  
  200  11:41  Extractor  
  200  11:45  Ravager x3  
  200  11:48  Overseer x2  
  200  11:49  Overseer  
  200  11:50  Overseer  
  200  11:54  Infestation Pit  
  200  12:00  Overseer  
  199  12:01  Hatchery  
  194  12:14  Ravager  
  182  12:20  Roach x11  
  160  12:25  Roach x6  
  164  12:30  Roach x2  
  87  13:00  Overseer  
Tags
 
Add a new tag
Caveats
  • Supply blocks, unpowered buildings, or Contaminate may cause inaccurate times.
  • Supply counts are checked every 10 seconds.